Map: Frost LE

Players

Fropez

  • Race: Protoss Protoss
  • League: Gold
  • Spawn Location: 1:00

EDLReginA - Winner!

  • Race: Terran Terran
  • Spawn Location: 5:00

VOD

Have the link to the VOD?

Description

Time

  • Played on: Sept. 2, 2016, 11:43 a.m.
  • Length: 13:25
Show
View Real Time Build Order
Export as new Build Order

Fropez Protoss 

Build Orders: 1 Gate Expand 

Get SALT Encoding   

  12  0:01  Probe (Chrono Boost)  
  13  0:18  Pylon  
  13  0:19  Probe (Chrono Boost)  
  14  0:30  Probe (Chrono Boost)  
  15  0:38  Gateway  
  15  0:40  Probe (Chrono Boost)  
  16  0:56  Probe (Chrono Boost)  
  17  1:01  Assimilator  
  17  1:06  Probe (Chrono Boost)  
  18  1:20  Probe (Chrono Boost)  
  18  1:31  Probe (Chrono Boost)  
  19  1:35  Nexus  
  19  1:45  Pylon  
  19  1:46  Probe (Chrono Boost)  
  20  1:57  Cybernetics Core  
  20  1:59  Probe (Chrono Boost)  
  21  2:06  Pylon  
  21  2:16  Assimilator  
  21  2:25  Gateway  
  21  2:34  Pylon  
  21  2:36  Warp Gate (Chrono Boost)  
  22  2:42  Adept  
  23  2:46  Probe  
  23  2:47  Probe  
  25  3:07  Gateway  
  25  3:09  Adept  
  25  3:11  Mothership Core  
  29  3:17  Probe  
  30  3:26  Pylon  
  30  3:28  Probe  
  30  3:38  Adept  
  30  3:39  Adept  
  34  3:43  Probe  
  35  3:54  Stargate  
  35  4:23  Probe  
  36  4:27  Probe  
  36  4:29  Gateway  
  35  4:33  Assimilator  
  35  4:35  Probe, Assimilator  
  36  4:39  Pylon  
  36  4:40  Adept x2  
  36  4:44  Adept  
  40  4:51  Probe  
  40  4:52  Probe  
  41  4:57  Oracle (Chrono Boost)  
  45  5:03  Probe  
  45  5:04  Probe  
  47  5:13  Adept  
  47  5:14  Adept  
  46  5:52  Twilight Council  
  46  5:54  Pylon  
  46  5:56  Probe  
  45  5:57  Pylon  
  41  6:04  Stalker  
  41  6:07  Stalker x2  
  39  6:33  Adept x3  
  39  6:36  Probe  
  39  6:37  Probe  
  42  6:49  Pylon  
  42  6:51  Resonating Glaives (Chrono Boost)  
  42  6:52  Oracle  
  45  7:05  Robotics Facility  
  45  7:22  Stalker  
  47  7:27  Stalker x3  
  53  7:42  Probe  
  53  7:43  Gateway  
  53  7:44  Probe  
  53  7:49  Stalker  
  54  8:04  Observer (Chrono Boost)  
  52  8:14  Stalker x3  
  50  8:38  Stalker x2  
  41  8:55  Adept  
  43  9:05  Probe  
  44  9:11  Probe  
  45  9:36  Phoenix  
  47  9:39  Probe x2  
  49  9:50  Stalker  
  51  9:56  Probe  
  51  10:07  Phoenix  
  48  10:22  Probe  
  48  10:23  Probe  
  50  10:32  Probe  
  47  10:38  Stalker  
  45  10:53  Phoenix  
  45  10:54  Probe  
  45  10:56  Probe  
  49  11:12  Probe x2  
  51  11:23  Probe  
  51  11:24  Probe  
  53  11:40  Observer (Chrono Boost)  
  54  11:49  Nexus  
  46  12:02  Stalker x2  
  35  12:25  Pylon  
  32  12:42  Probe  
  32  12:44  Probe  
  32  12:53  Probe  
  32  12:56  Probe  
  34  13:01  Probe  
  34  13:03  Probe  
  32  13:09  Probe  
  32  13:11  Probe  
Show
View Real Time Build Order
Export as new Build Order

EDLReginA Terran - Winner!

Build Orders: Command Center First (CC), Liberator Opening 

Get SALT Encoding   

  12  0:01  SCV  
  13  0:13  SCV  
  14  0:18  Supply Depot  
  14  0:25  SCV  
  15  0:39  SCV  
  16  0:51  SCV  
  17  1:01  Command Center  
  17  1:05  SCV  
  17  1:10  Refinery  
  18  1:17  SCV  
  19  1:28  Barracks  
  19  1:29  SCV  
  20  1:38  Refinery  
  20  1:41  SCV  
  21  1:53  SCV  
  22  1:54  Supply Depot  
  22  2:06  SCV  
  23  2:17  Factory  
  23  2:18  SCV  
  23  2:20  SCV  
  25  2:33  SCV  
  26  2:38  Orbital Command  
  26  2:45  Orbital Command  
  26  3:01  Starport  
  26  3:02  Factory Tech Lab  
  26  3:03  Barracks Reactor  
  26  3:07  Starport  
  26  3:09  SCV  
  26  3:11  SCV  
  28  3:21  Supply Depot  
  28  3:25  SCV  
  29  3:36  SCV  
  29  3:37  SCV  
  29  3:38  Refinery  
  29  3:40  Fusion Core, Liberator  
  31  3:49  SCV  
  31  3:51  Widow Mine  
  31  3:55  Marine  
  35  4:01  SCV  
  39  4:13  SCV  
  39  4:15  Marine  
  39  4:32  Widow Mine  
  41  4:48  SCV  
  42  4:59  SCV  
  43  5:00  SCV  
  43  5:06  Command Center x2  
  44  5:09  Advanced Ballistics  
  44  5:12  SCV  
  45  5:17  Supply Depot  
  45  5:18  SCV  
  46  5:22  Supply Depot  
  46  5:23  Liberator x2  
  47  5:45  Marine  
  47  5:46  Orbital Command  
  27  6:28  Orbital Command  
  26  6:33  SCV  
  26  6:38  SCV  
  25  6:41  SCV  
  26  6:51  SCV  
  26  6:52  Liberator  
  27  6:57  SCV  
  30  7:17  SCV x2  
  32  7:29  SCV  
  33  7:34  Liberator  
  33  7:36  SCV  
  34  7:40  SCV  
  35  7:53  SCV x2  
  35  7:57  Refinery  
  40  8:05  SCV  
  40  8:08  SCV x2, Engineering Bay  
  40  8:09  Orbital Command  
  40  8:11  Liberator  
  42  8:20  SCV x2  
  44  8:30  SCV  
  44  8:32  SCV  
  29  8:49  SCV  
  29  8:50  SCV  
  32  8:57  Orbital Command  
  31  9:04  Orbital Command  
  31  9:11  SCV  
  31  9:12  SCV  
  31  9:16  Liberator  
  33  9:24  SCV x3  
  33  9:36  SCV x3  
  39  9:40  Missile Turret  
  39  9:45  Missile Turret  
  39  9:48  SCV  
  39  9:49  SCV x2  
  39  9:52  SCV, Missile Turret  
  43  9:58  Command Center  
  43  9:59  Command Center  
  43  10:00  SCV  
  43  10:01  SCV x2  
  43  10:04  SCV  
  47  10:12  SCV, Liberator x2  
  47  10:13  SCV x2  
  50  10:16  SCV  
  51  10:24  SCV  
  51  10:25  SCV x2  
  54  10:28  SCV  
  54  10:34  Liberator  
  61  10:37  SCV  
  62  10:48  SCV  
  63  10:50  SCV  
  63  10:52  SCV  
  63  10:55  Liberator  
  68  10:57  Missile Turret  
  68  10:59  SCV, Missile Turret  
  68  11:00  SCV  
  67  11:08  SCV, Liberator  
  68  11:14  Orbital Command x2  
  71  11:19  Liberator  
  71  11:31  Orbital Command  
  74  11:38  SCV  
  78  11:55  Refinery  
  78  11:58  Refinery  
  78  11:59  SCV  
  79  12:03  Armory  
  79  12:04  SCV  
  80  12:16  SCV  
  80  12:20  Liberator x2  
  80  12:21  Liberator  
  81  12:28  SCV  
  82  12:41  Factory Reactor, Starport  
  82  12:43  SCV x3  
  91  12:47  SCV  
  92  12:54  Armory  
  92  12:55  SCV  
Tags
 
Add a new tag
Caveats
  • Supply blocks, unpowered buildings, or Contaminate may cause inaccurate times.
  • Supply counts are checked every 10 seconds.